 Dungeon Crawl Stone Soup version 0.28-a0-1117-g0bdd5ba030 (webtiles) character file.

Game seed: 13702264293930398480

357 SensoryNuts the Slasher (level 6, -9/47 HPs)
             Began as a Demonspawn Gladiator on Dec 11, 2021.
             Was a Believer of Wu Jian.
             Mangled by Duvessa (14 damage)
             ... on level 4 of the Dungeon.
             The game lasted 00:04:34 (3236 turns).

SensoryNuts the Slasher (Demonspawn Gladiator)      Turns: 3236, Time: 00:04:34

Health: -9/47      AC:  5    Str: 17    XL:     6   Next: 36%
Magic:  6/6        EV: 12    Int:  9    God:    Wu Jian [**....]
Gold:   87         SH:  0    Dex: 14    Spells: 5/5 levels left

rFire   . . .      SeeInvis .   e - +3 quarterstaff (chaos)
rCold   . . .      Faith    .   (shield currently unavailable)
rNeg    . . .      Spirit   .   b - +0 leather armour
rPois   .          Reflect  .   c - +0 helmet
rElec   .          Harm     .   h - +0 cloak
rCorr   .          Rampage  .   (no gloves)
Will    .....                   (no boots)
Stlth   ++........              i - amulet of regeneration
HPRegen 0.95/turn               (no ring)
MPRegen 0.10/turn               (no ring)

@: hasted, very quick
A: powered by death 2, powered by pain 1
a: Renounce Religion, Wall Jump


You were on level 4 of the Dungeon.
You worshipped Wu Jian.
Wu Jian was pleased with you.
You visited 1 branch of the dungeon, and saw 4 of its levels.

You collected 87 gold pieces.

Inventory:

Hand Weapons
 a - a +0 long sword
 e - a +3 quarterstaff of chaos (weapon)
 g - a +2 dagger of venom
 n - a +1 hand axe of freezing
Missiles
 d - 3 throwing nets (quivered)
Armour
 b - a +0 leather armour (worn)
 c - a +0 helmet (worn)
 h - a +0 cloak (worn)
Jewellery
 i - an amulet of regeneration (around neck)
Scrolls
 f - a scroll of fog
 k - 2 scrolls of identify {unknown}
 m - a scroll of blinking {unknown}
Potions
 l - a potion of cancellation


   Skills:
 + Level 3.1 Fighting
 + Level 1.4(2.7) Short Blades
 + Level 3.6(3.8) Long Blades
 + Level 2.2 Staves
 + Level 1.8 Throwing
 + Level 2.3 Armour
 + Level 3.2 Dodging
 + Level 1.4 Stealth


You had 5 spell levels left.
You didn't know any spells.
Your spell library was empty.

Dungeon Overview and Level Annotations

Branches:
Dungeon (4/15)
 Temple: D:4-7

Altars:
Wu Jian

Annotations:
D:4 Duvessa


Innate Abilities, Weirdness & Mutations

You regenerate health from kills.
You sometimes gain a little power by taking damage.


Message History

Found a fizzy dark potion.
You lunge at Dowan.
You thump Dowan!
Dowan is heavily wounded.
Dowan hits you with a +0 dagger.
You hit Dowan.
Dowan easily resists.
Dowan is severely wounded.
Dowan hits you but does no damage.
You hit Dowan.
Dowan is poisoned.
Dowan is almost dead.
You hit Duvessa.
Duvessa is lightly wounded.
Dowan gestures wildly while chanting.
Dowan blinks!
You hit Duvessa but do no damage. You drain Duvessa.
Duvessa is lightly wounded.
You kill Dowan!
The Council accepts your kill.
Duvessa weeps, then rights herself and shakes her weapon.
Duvessa goes berserk!
Duvessa barely misses you.
Your Staves skill increases to level 2!
You hit Duvessa.
Duvessa is lightly wounded.
Duvessa hits you with a +0 short sword! x2
You sock Duvessa!
Duvessa is moderately wounded.
Duvessa hits you with a +0 short sword! Duvessa closely misses you.
You closely miss Duvessa.
Duvessa is moderately wounded.
Duvessa closely misses you. Duvessa hits you with a +0 short sword.
Unknown command.
You feel yourself speed up. Duvessa hits you with a +0 short sword!
* * * LOW HITPOINT WARNING * * *
Okay, then.
You barely miss Duvessa.
Duvessa is moderately wounded.
Duvessa hits you with a +0 short sword!
* * * LOW HITPOINT WARNING * * *
You hit Duvessa.
Duvessa is poisoned.
Duvessa is moderately wounded.
Duvessa hits you with a +0 short sword!
You die...

...............###.##..#
...........###.##......#
............##.##.....##.
.........................
..........###.#........##
.).........#..##..###..#
........##.##.†...(.#.##
.......###..............
.........#.##..>@.#.....
.........# ##..e.......
......##................
..#...# ...###..........
......# ..##...)... ...
....... #... ....... ..!.
####...


You could see Duvessa (berserk, very poisoned, drained).

Vanquished Creatures
  A scorpion (D:3)
  Dowan (D:4)
  A bullfrog zombie (D:3)
  An orc priest (D:3)
  Crazy Yiuf (D:2)
  Jessica (D:2)
  4 adders
  5 worms
  A dart slug (D:2)
  4 orcs (D:3)
  12 bats
  5 endoplasms
  4 giant cockroaches
  6 goblins
  4 hobgoblins
  3 jackals (D:3)
  10 kobolds
  A quokka (D:3)
  5 ball pythons
  2 frilled lizards
  7 rats
79 creatures vanquished.

Vanquished Creatures (others)
  A fungus (D:2)
1 creature vanquished.

Grand Total: 80 creatures vanquished

Notes
Turn   | Place    | Note
-------+----------+-------------------------------------------
     0 | D:1      | SensoryNuts the Demonspawn Gladiator began the quest for
                  | the Orb.
     0 | D:1      | Reached XP level 1. HP: 16/16 MP: 1/1
   125 | D:1      | Found a faded altar of an unknown god.
   145 | D:1      | Prayed at the altar of an unknown god.
   145 | D:1      | Became a worshipper of the Wu Jian Council
   145 | D:1      | Reached * piety under Wu Jian
   418 | D:1      | Gained mutation: You regenerate a little health from kills.
                  | [demonic ancestry]
   418 | D:1      | Reached XP level 2. HP: 22/22 MP: 2/2
  1006 | D:2      | Reached XP level 3. HP: 28/28 MP: 3/3
  1026 | D:2      | Reached ** piety under Wu Jian
  1246 | D:2      | Reached skill level 1 in Armour
  1622 | D:2      | Noticed Jessica
  1624 | D:2      | Killed Jessica
  1625 | D:2      | Gained mutation: You sometimes gain a little power by
                  | taking damage. [demonic ancestry]
  1625 | D:2      | Reached XP level 4. HP: 34/34 MP: 4/4
  1849 | D:2      | Found a runed translucent door.
  1850 | D:2      | Noticed Crazy Yiuf
  2107 | D:2      | Killed Crazy Yiuf
  2501 | D:3      | Noticed a scorpion
  2506 | D:3      | Killed a scorpion
  2507 | D:3      | Reached skill level 1 in Short Blades
  2507 | D:3      | Reached skill level 1 in Stealth
  2507 | D:3      | Gained mutation: You regenerate health from kills. [demonic
                  | ancestry]
  2507 | D:3      | Reached XP level 5. HP: 35/40 MP: 5/5
  2707 | D:3      | Reached skill level 1 in Staves
  2756 | D:3      | Reached XP level 6. HP: 14/47 MP: 6/6
  3222 | D:4      | Noticed Dowan
  3224 | D:4      | Noticed Duvessa
  3230 | D:4      | Killed Dowan
  3236 | D:4      | Mangled by Duvessa

Illustrated notes

Levels and vault maps discovered:
D:1:      dpeg_arrival_rooms_c, layout_basic,
          shapermc_ecumenical_altar_notcrosses, nrook_mini_vaults
D:2:      layout_loops_cross, minmay_pentomino_s2, uniq_jessica,
          uniq_crazy_yiuf_cottage
D:3:      layout_basic
D:4:      layout_cave_pools, uniq_duvessa

Skill      XL: |  1  2  3  4  5  6 |
---------------+-------------------+-----
Long Blades    | 3 |  3.6
Dodging        | 3 |  3.2
Armour         | 1 2 |  2.3
Short Blades   | 1 |  1.4
Stealth        | 1 |  1.4
Fighting       | 3 |  3.1
Staves         | 1 2 |  2.2
Throwing       | |  1.8

Action                   |  1- 3 |  4- 6 || total
-------------------------+-------+-------++-------
Melee: Long sword        |    72 |       ||    72
       Dagger            |    22 |    32 ||    54
       Quarterstaff      |       |   100 ||   100
Invok: Lunge             |    13 |    10 ||    23
  Use: Scroll            |     3 |       ||     3
       Potion            |     1 |     5 ||     6
 Stab: Sleeping          |     2 |     2 ||     4
Armor: Leather armour    |    41 |    51 ||    92
Dodge: Dodged            |    64 |    84 ||   148

Table legend: (Time is in decaauts)
 A = Elapsed time spent in this place.
 B = Non-inter-level travel time spent in this place.
 C = Inter-level travel time spent in this place.
 D = Time resting spent in this place.
 E = Time spent auto-exploring this place.
 F = Levels seen in this place.
 G = Mean time per level.
                   A        B        C        D        E       F      G
               +--------+--------+--------+--------+--------+-----+--------+
         Total |   3265 |   3265 |      0 |      0 |   2655 |   4 |  816.2 |
       Dungeon |   3265 |   3265 |      0 |      0 |   2655 |   4 |  816.2 |
               +--------+--------+--------+--------+--------+-----+--------+

Top non-repeatable levels by time:
     D:2: 1485 daAuts
     D:1: 927 daAuts
     D:3: 768 daAuts
     D:4: 84 daAuts
